 Dungeon Crawl Stone Soup version 0.17-a0-1979-g1c74939 (webtiles) character file.

2886 Ijustatesigmund the Basher (level 9, -5/81 HPs)
             Began as a Minotaur Fighter on Oct 5, 2015.
             Was a Believer of Okawaru.
             Killed from afar by a starcursed mass (11 damage)
             ... with an accursed screaming
             ... on level 1 of the Abyss.
             The game lasted 00:21:49 (5502 turns).

Ijustatesigmund the Basher (Minotaur Fighter)       Turns: 5502, Time: 00:21:49

Health: -5/81      AC: 10    Str: 22    XL:     9   Next: 48%
Magic:  8/11       EV: 10    Int:  5    God:    Okawaru [**....]
Gold:   233        SH:  6    Dex: 12    Spells: 0 memorised, 8 levels left

rFire  . . .     SeeInvis .     a - +1 flail
rCold  . . .     Clarity  .     k - +0 chain mail
rNeg   . . .     SustAt   .     s - +2 buckler
rPois  .         Gourm    .     (helmet restricted)
rElec  .         Spirit   .     (no cloak)
rCorr  .         Warding  .     (no gloves)
rMut   .         Rnd*Tele +     (no boots)
MR     .....                    p - amulet of regeneration
Stlth  ..........               b - ring of teleportation
                                j - ring of wizardry

@: about to teleport, not resistant to hostile enchantments, extremely
unstealthy
A: retaliatory headbutt, horns 2
a: Heroism, Renounce Religion, Evoke Teleportation


You were on level 1 of the Abyss.
You worshipped Okawaru.
Okawaru was pleased with you.
You were hungry.

You visited 2 branches of the dungeon, and saw 8 of its levels.
You visited the Abyss 1 time.

You collected 317 gold pieces.
You spent 84 gold pieces at shops.

Inventory:

Hand Weapons
 a - a +1 flail (weapon)
 y - a +2 mace of distortion
Missiles
 u - 2 tomahawks (quivered)
Armour
 c - a +0 shield
 k - a +0 chain mail (worn)
 s - a +2 buckler (worn)
Jewellery
 b - a ring of teleportation (right hand)
 j - a ring of wizardry (left hand)
 p - an amulet of regeneration (around neck)
 w - an uncursed ring of ice
Wands
 f - a wand of polymorph (11)
 i - a wand of magic darts (23)
 t - a wand of lightning (5)
 B - a wand of invisibility (2)
Scrolls
 q - a scroll of magic mapping
 r - 3 scrolls of remove curse
 C - a scroll of noise {unknown}
Potions
 d - 3 potions of might
 g - a potion of poison {unknown}
 h - a potion of magic
 l - a potion of lignification
 m - 4 potions of curing
 o - a potion of heal wounds
 v - a potion of cure mutation
Books
 x - a book of Callings

   Spells                             Type                      Level
   a - Summon Small Mammal            Summoning                    1
   b - Call Imp                       Summoning                    2
   c - Call Canine Familiar           Summoning                    3
   d - Summon Guardian Golem          Hexes/Summoning              3
   e - Summon Lightning Spire         Summoning/Air                4
   f - Summon Ice Beast               Ice/Summoning                4
Comestibles
 e - 5 bread rations
 n - 7 meat rations
 z - 2 beef jerkies
 A - 6 slices of pizza
 D - 2 fruits


   Skills:
 + Level 8.3 Fighting
 + Level 9.4 Maces & Flails
 + Level 7.1 Armour
 + Level 5.3 Dodging
 - Level 3.6 Shields
 + Level 4.8 Invocations


You had 8 spell levels left.
You didn't know any spells.

Dungeon Overview and Level Annotations

Branches:
Dungeon (7/15)             Temple (1/1) D:4

Altars:
Dithmenos
Gozag
Kikubaaqudgha
Nemelex Xobeh
Okawaru
Qazlal
Ru
Sif Muna
Trog
Vehumet
Zin

Shops:
D:6 }   D:7 (


Innate Abilities, Weirdness & Mutations

You reflexively headbutt those who attack you in melee.
You have a pair of horns on your head.


Message History

* * * LOW HITPOINT WARNING * * *
The lightning grounds out.
You block the ufetubus's attack. The ufetubus barely misses you.
The insubstantial wisp hits you.
* * * LOW HITPOINT WARNING * * *
The insubstantial wisp blinks!
The ufetubus closely misses you. You block the ufetubus's attack.
The hungry ghost hits you.
You are feeling hungry.
The ufetubus hits you but does no damage. x2
You block the hungry ghost's attack. The ufetubus barely misses you.
The ufetubus barely misses you.
The ufetubus hits you but does no damage.
The ufetubus barely misses you.
The insubstantial wisp blinks!
A chorus of shrieks assaults your mind.
* * * LOW HITPOINT WARNING * * *
The ynoxinul hits you.
* * * LOW HITPOINT WARNING * * *
A chorus of shrieks assaults your mind.
You die...

...###...###....#
...#.....#.....
..............## ..
..............# ...
............## . ..
#.....# ....#..
#...###...###......#
....#...x3#@...#
............55....#
..........XXX......§.#
!.........XXW......##.
.....#.....#.....#
##...###...###...## ≈
.....#.....#....#
≈≈... .............#
♣≈.. .............##


You could see 4 starcursed masses, a large abomination, a hungry ghost and 2
ufetubi.

Vanquished Creatures
  The ghost of brucemayne the Cleaver, a novice HOBe of Trog (D:7)
  A human (D:7)
  A hog (D:7)
  A black bear (D:6)
  Duvessa (D:5)
  An orc warrior (D:6)
  2 ogres (D:5)
  A centaur (D:4)
  Blork the orc (D:5)
  A giant frog (D:6)
  2 scorpions
  4 wights
  Dowan (D:5)
  2 centaur zombies (D:7)
  A hound (D:3)
  A crimson imp (D:5)
  2 gnoll shamans
  7 orc priests
  A giant frog zombie (D:7)
  A jelly (D:6)
  An iguana (D:4)
  3 sheep (D:7)
  8 orc wizards
  2 worker ants
  A hound zombie (D:7)
  11 gnolls
  9 adders
  A shadow imp (D:6)
  2 adder zombies
  An adder skeleton (D:5)
  A worm (D:2)
  4 giant geckos
  25 orcs
  A ball python (D:2)
  5 giant cockroaches
  9 goblins
  6 hobgoblins
  8 kobolds
  3 quokkas
  13 bats
  3 giant newts
  11 jackals
  10 rats
171 creatures vanquished.

Notes
Turn   | Place    | Note
--------------------------------------------------------------
     0 | D:1      | Ijustatesigmund the Minotaur Fighter began the quest for the Orb.
     0 | D:1      | Reached XP level 1. HP: 19/19 MP: 0/0
   128 | D:1      | Reached XP level 2. HP: 27/27 MP: 1/1
   154 | D:1      | Reached skill level 4 in Fighting
   494 | D:2      | Found a sparkling altar of Nemelex Xobeh.
   651 | D:2      | Reached XP level 3. HP: 31/33 MP: 2/2
   790 | D:2      | Found a bloodstained altar of Trog.
   823 | D:2      | Found a stormy altar of Qazlal.
   897 | D:2      | Reached XP level 4. HP: 39/41 MP: 3/3
   954 | D:2      | Found a sacrificial altar of Ru.
  1213 | D:3      | Reached skill level 5 in Maces & Flails
  1268 | D:3      | Reached skill level 5 in Fighting
  1268 | D:3      | Reached XP level 5. HP: 41/48 MP: 4/4
  1499 | D:3      | Reached skill level 6 in Maces & Flails
  1814 | D:3      | Reached XP level 6. HP: 51/56 MP: 5/5
  2445 | D:4      | Reached skill level 7 in Maces & Flails
  2635 | D:4      | Found a staircase to the Ecumenical Temple.
  2652 | Temple   | Entered the Ecumenical Temple
  2661 | Temple   | Became a worshipper of Warmaster Okawaru
  3079 | D:5      | Entered Level 5 of the Dungeon
  3087 | D:5      | Noticed Blork the orc
  3108 | D:5      | Killed Blork the orc
  3108 | D:5      | Reached skill level 1 in Dodging
  3108 | D:5      | Reached XP level 7. HP: 58/63 MP: 6/6
  3136 | D:5      | Reached skill level 1 in Invocations
  3734 | D:5      | Noticed Dowan
  3736 | D:5      | Noticed Duvessa
  3749 | D:5      | HP: 1/64 [Dowan/dagger of electrocution (15)]
  3975 | D:5      | Found an opulent altar of Gozag.
  3976 | D:5      | Found a bloodstained altar of Trog.
  4095 | D:5      | Killed Dowan
  4124 | D:5      | Killed Duvessa
  4124 | D:5      | Acquired Okawaru's first power
  4226 | D:5      | Found an ancient bone altar of Kikubaaqudgha.
  4354 | D:6      | Reached skill level 8 in Maces & Flails
  4354 | D:6      | Reached XP level 8. HP: 63/71 MP: 8/8
  4401 | D:6      | Reached skill level 5 in Armour
  4536 | D:6      | Gained mutation: You are frail (-10% HP). [potion of mutation]
  4536 | D:6      | Gained mutation: You are agile. (Dex +2) [potion of mutation]
  4536 | D:6      | Gained mutation: You are dopey. (Int -2) [potion of mutation]
  4537 | D:6      | Lost mutation: You are agile. (Dex +2) [potion of cure mutation]
  4537 | D:6      | Lost mutation: You are frail (-10% HP). [potion of cure mutation]
  4537 | D:6      | Lost mutation: You are dopey. (Int -2) [potion of cure mutation]
  4698 | D:6      | Found Ivodioz's Gadget Shoppe.
  5093 | D:7      | Reached XP level 9. HP: 57/80 MP: 7/10
  5102 | D:7      | Reached skill level 9 in Maces & Flails
  5183 | D:7      | Noticed brucemayne's ghost (novice HOBe)
  5209 | D:7      | Killed brucemayne's ghost
  5209 | D:7      | Reached skill level 5 in Dodging
  5237 | D:7      | Found Cixer's Antique Weapon Shoppe.
  5271 | D:7      | Bought a glowing mace for 84 gold pieces
  5397 | D:7      | Cast into the Abyss (a distortion unwield)
  5475 | Abyss:1  | Noticed a starcursed mass
  5502 | Abyss:1  | Killed from afar by a starcursed mass

Vault maps used:
D:1:      scummos_arrival_forest, corner_web_ring
D:2:      old_standard_altar, nicolae_ru_great_annihilating_truth,
          grunt_qazlal_sundering, trog_hazing_becter
D:3:      wad_rectangle_vault
D:4:      minmay_temple_entry_mist, first_bread, serial_forest,
          infiniplex_forest_clump_diagonal, infiniplex_forest_clump_double,
          infiniplex_forest_zigzag_2, infiniplex_forest_end_1,
          infiniplex_forest_end_1
D:5:      gammafunk_temple_overflow_statue, kiku_gazebo_pond_becter,
          st_stairs_9, roderic_roman_lattice, grunt_ministairs_10,
          kennysheep_big_empty_room, uniq_blork_the_orc, uniq_duvessa
D:6:      serial_shops, shop
D:7:      serial_shops, nicolae_shop_statue_plus, grunt_livestock
Temple:   circular_temple_12

Action                   |  1- 3 |  4- 6 |  7- 9 || total
-------------------------+-------+-------+-------++-------
Melee: Flail             |   103 |   164 |   321 ||   588
       Mace              |       |       |     3 ||     3
Throw: Tomahawk          |       |       |     4 ||     4
Invok: Heroism           |       |       |     2 ||     2
 Abil: Evoke Teleportati |       |       |     1 ||     1
  Use: Scroll            |     5 |     4 |     7 ||    16
       Potion            |       |       |     7 ||     7
 Stab: Paralysed         |       |     1 |       ||     1
  Eat: Chunk             |       |     7 |     6 ||    13
       Beef jerky        |       |       |     2 ||     2
       Royal jelly       |       |       |     1 ||     1
       Pizza             |       |       |     1 ||     1
